[Event "Titled Tuesday Blitz June 07 Early 2022"]
[White "Ivic, Velimir"]
[Black "Xiong, Jeffery"]
[WhiteFideId "950122"]
[BlackFideId "2047640"]
[WhiteElo "2610"]
[BlackElo "2714"]
[Result "0-1"]
[Round "07"]
[TimeControl "180+1"]
[Date "2022.06.07"]
[WhiteClock "0:00:01"]
[BlackClock "0:00:07"]

1. e4 e5 2. Nf3 Nf6 3. Nxe5 d6 4. Nf3 Nxe4 5. d4 d5 6. Bd3 Bf5 7. O-O Be7 8. Re1 O-O 9. Nbd2 Nd6 10. Nf1 Bg6 11. Ne5 Bxd3 12. Qxd3 Nd7 13. Ng3 Re8 14. Bf4 c6 15. Re2 Nf8 16. Rae1 Ne6 17. Bd2 Bf6 18. Nh5 Bxe5 19. dxe5 Ne4 20. Ng3 Nxg3 21. hxg3 Qb6 22. b3 Qb5 23. Qe3 d4 24. Qe4 Rad8 25. f4 d3 26. c4 Qa6 27. Rf2 Qxa2 28. f5 Nd4 29. Bg5 Ne2+ 30. Rfxe2 dxe2 31. Bxd8 Rxd8 32. Rxe2 Qxb3 33. e6 Qd1+ 34. Kh2 Qd6 35. Qg4 fxe6 36. f6 Qd7 37. Rxe6 Rf8 38. Qe4 Rxf6 39. Re7 Qf5 40. Re8+ Kf7 41. Re7+ Kg6 0-1


[Site "https://www.chess.com"]

[Event "Titled Tuesday Blitz June 07 Early 2022"]
[White "Jumabayev, Rinat"]
[Black "Janaszak, Dawid"]
[WhiteFideId "13702661"]
[BlackFideId "1119206"]
[WhiteElo "2561"]
[BlackElo "2199"]
[Result "1-0"]
[Round "07"]
[TimeControl "180+1"]
[Date "2022.06.07"]
[WhiteClock "0:00:24"]
[BlackClock "0:00:07"]

1. e4 c6 2. Nf3 d5 3. d3 g6 4. Be2 Bg7 5. O-O Nd7 6. exd5 cxd5 7. d4 Ngf6 8. Bd3 O-O 9. Re1 Nb8 10. h3 Nc6 11. c3 Qc7 12. Qc2 Rb8 13. a4 a6 14. Na3 Nh5 15. b4 e6 16. Be3 Bd7 17. Qd2 Ne7 18. g4 Nf6 19. Bf4 Qd8 20. Bxb8 Qxb8 21. b5 h5 22. Ne5 hxg4 23. hxg4 axb5 24. axb5 Be8 25. Nc2 Nd7 26. f4 f6 27. Nf3 Bf7 28. Qh2 Qc7 29. Ra3 Rc8 30. g5 Nf5 31. Ne3 Qd6 32. Rb3 Ra8 33. Ng4 fxg5 34. Nxg5 Qe7 35. Bxf5 gxf5 36. Nh6+ Bxh6 37. Qxh6 Qf6 38. Qh7+ Kf8 39. Rb2 Ra3 40. Rg2 Rxc3 41. Nxf7 Qxf7 42. Qh8+ Ke7 43. Rg7 1-0


[Site "https://www.chess.com"]

[Event "Titled Tuesday Blitz June 07 Early 2022"]
[White "Kamsky, Gata"]
[Black "Vokhidov, Shamsiddin"]
[WhiteFideId "2000024"]
[BlackFideId "14204223"]
[WhiteElo "2645"]
[BlackElo "2611"]
[Result "1/2-1/2"]
[Round "07"]
[TimeControl "180+1"]
[Date "2022.06.07"]
[WhiteClock "0:00:08"]
[BlackClock "0:00:06"]

1. d4 Nf6 2. Nf3 d5 3. Bf4 c5 4. e3 Nc6 5. Nbd2 Nh5 6. dxc5 Nxf4 7. exf4 Qa5 8. c3 Qxc5 9. Bd3 g6 10. O-O Bg7 11. Re1 Qd6 12. g3 O-O 13. Nb3 Bg4 14. Be2 Rad8 15. Nfd4 Bc8 16. Qd2 e5 17. fxe5 Nxe5 18. Rad1 Rfe8 19. Nf3 Nc6 20. Nbd4 a6 21. Bf1 Bg4 22. Rxe8+ Rxe8 23. Re1 Rxe1 24. Qxe1 Bf6 25. Bg2 Kg7 26. Qd2 Na5 27. b3 Nc6 28. Nxc6 bxc6 29. b4 a5 30. Nd4 axb4 31. cxb4 Bd7 32. h4 Qe5 33. Nb3 Qc3 34. Qxc3 Bxc3 35. a3 Kf6 36. Bf1 Bf5 37. Be2 Ke5 38. f4+ Kd6 39. Kf2 Bb2 40. a4 Bc2 41. Nc5 Ba3 42. Bd3 Bxb4 43. Nb7+ Kc7 44. Bxc2 Kxb7 45. f5 Kc7 46. fxg6 fxg6 47. g4 Kd6 48. h5 gxh5 49. gxh5 h6 50. Ke2 Ke5 51. Bg6 Kd4 52. Kd1 c5 53. Kc2 c4 54. Bf5 Ke5 55. Bh3 Ba5 56. Bg2 Kd4 57. Bf3 Kc5 58. Bg2 Bc7 59. Bf3 Bd8 60. Bg2 d4 61. Bf1 Ba5 62. Be2 Kb4 63. Bf1 Bb6 64. Be2 Kc5 65. Bf1 Ba5 66. Be2 Kd5 67. Bf1 Bb4 68. Be2 Kc5 69. Bf1 Ba5 1/2-1/2


[Site "https://www.chess.com"]

[Event "Titled Tuesday Blitz June 07 Early 2022"]
[White "Korchmar, Vasiliy"]
[Black "Stribuk, Artiom"]
[WhiteFideId "24131750"]
[BlackFideId "13515659"]
[WhiteElo "2370"]
[BlackElo "2259"]
[Result "1/2-1/2"]
[Round "07"]
[TimeControl "180+1"]
[Date "2022.06.07"]
[WhiteClock "0:00:04"]
[BlackClock "0:00:04"]

1. e4 c5 2. Nf3 Nc6 3. d4 cxd4 4. Nxd4 Nf6 5. Nc3 e5 6. Ndb5 d6 7. Nd5 Nxd5 8. exd5 Ne7 9. c4 Ng6 10. Qa4 Bd7 11. Qb4 Qb8 12. h4 h5 13. Bd3 a6 14. Nc3 f5 15. Bg5 Be7 16. a4 a5 17. Qb6 Qa7 18. Qxa7 Rxa7 19. Nb5 Bxb5 20. Bxf5 Nxh4 21. Bxh4 Bd7 22. Bg6+ Kd8 23. Bxe7+ Kxe7 24. Rxh5 Rxh5 25. Bxh5 Ra8 26. Kd2 Rh8 27. Bf3 g5 28. Ra3 b6 29. Rb3 Rb8 30. Ra3 Rc8 31. Kd3 Rf8 32. Ke3 Kd8 33. Ra1 Rh8 34. g3 Ke7 35. b3 g4 36. Rh1 Rxh1 37. Bxh1 Kf6 38. Be4 Kg5 39. Kd2 Kf6 40. Kc3 Ke7 41. Bc2 Bc8 42. Bd1 Kd8 43. b4 Bd7 44. bxa5 bxa5 45. c5 Kc7 46. Kc4 Bf5 47. c6 Kb6 48. Be2 Bc8 49. Kc3 Bf5 50. Kc4 Bc8 51. Bd3 Ba6+ 52. Kc3 Bc8 53. Be4 Kc5 54. Kb3 Ba6 55. Kc3 Bc8 56. Bg2 Ba6 57. Be4 Bc8 1/2-1/2


[Site "https://www.chess.com"]

[Event "Titled Tuesday Blitz June 07 Early 2022"]
[White "Kozak, Adam"]
[Black "Alvarado Diaz, Alejandro"]
[WhiteFideId "753246"]
[BlackFideId "2276119"]
[WhiteElo "2459"]
[BlackElo "2438"]
[Result "1-0"]
[Round "07"]
[TimeControl "180+1"]
[Date "2022.06.07"]
[WhiteClock "0:02:28"]
[BlackClock "0:00:57"]

1. c4 c5 2. Nf3 d6 3. g3 Nc6 4. Bg2 e5 5. Nc3 g6 6. a3 Bg7 7. O-O Nge7 8. Rb1 a5 9. d3 O-O 10. Bd2 h6 11. Ne1 Be6 12. Nd5 f5 13. b4 axb4 14. axb4 Bxd5 15. cxd5 Nxb4 16. Bxb4 cxb4 17. Rxb4 Qc7 18. Qb3 Rab8 19. Nc2 Rfc8 20. Na3 Qc5 21. Rb5 Qc3 22. Nc4 Qxb3 23. Rxb3 Rc5 24. Nxd6 Nxd5 25. Nxb7 Rc7 26. Bxd5+ Kh7 27. Rfb1 e4 28. dxe4 fxe4 29. Bxe4 Re7 30. Bf3 Bd4 31. Nd6 Rd8 32. Ne4 Rdd7 33. Rd3 g5 34. Rbd1 1-0


[Site "https://www.chess.com"]

[Event "Titled Tuesday Blitz June 07 Early 2022"]
[White "Kozak, Antoni"]
[Black "Slugin, Sergey"]
[WhiteFideId "21832030"]
[BlackFideId "4122569"]
[WhiteElo "2320"]
[BlackElo "2358"]
[Result "0-1"]
[Round "07"]
[TimeControl "180+1"]
[Date "2022.06.07"]
[WhiteClock "0:00:03"]
[BlackClock "0:00:38"]

1. e4 e5 2. Bc4 Nc6 3. d3 Nf6 4. Nc3 Bc5 5. Nf3 d6 6. Bg5 h6 7. Bh4 Na5 8. h3 Nxc4 9. dxc4 Bb4 10. Bxf6 Bxc3+ 11. bxc3 Qxf6 12. Qd3 O-O 13. Nd2 b6 14. Nf1 a5 15. Ne3 Qd8 16. O-O a4 17. a3 Ra5 18. Rab1 g6 19. Rb5 Ra8 20. f4 Bd7 21. Rbb1 exf4 22. Rxf4 Be6 23. Rbf1 Qg5 24. Kh1 Ra5 25. Qd4 Rc5 26. Rf6 Qe5 27. R1f2 h5 28. Kg1 Bxc4 29. Nxc4 Qxd4 30. cxd4 Rxc4 31. e5 dxe5 32. dxe5 Re4 33. Rc6 Rc8 34. Rcf6 Rf8 35. Rc6 Rxe5 36. Rxc7 Re3 37. c3 Re1+ 38. Rf1 Rxf1+ 39. Kxf1 Re8 40. Ra7 Re4 41. Ra6 b5 42. Ra5 Rc4 43. Rxb5 Rxc3 44. Ra5 Rxa3 45. Ra7 Ra2 46. h4 Kg7 47. Ra6 a3 48. Kg1 Kf8 49. Ra7 Ke8 50. Kh2 Kd8 51. Rxf7 Rb2 52. Ra7 a2 53. Kg3 Kc8 54. Kf3 Kb8 55. Ra3 Kc7 56. g4 Rb3+ 57. Rxb3 a1=Q 58. Re3 Qf1+ 59. Ke4 hxg4 0-1


[Site "https://www.chess.com"]

[Event "Titled Tuesday Blitz June 07 Early 2022"]
[White "Lazavik, Denis"]
[Black "Santos Ruiz, Miguel"]
[WhiteFideId "13515110"]
[BlackFideId "22291482"]
[WhiteElo "2437"]
[BlackElo "2475"]
[Result "1-0"]
[Round "07"]
[TimeControl "180+1"]
[Date "2022.06.07"]
[WhiteClock "0:00:36"]
[BlackClock "0:00:26"]

1. d4 d5 2. c4 c6 3. Nf3 Nf6 4. Nc3 e6 5. Bg5 Nbd7 6. cxd5 exd5 7. e3 h6 8. Bh4 g5 9. Bg3 Nh5 10. Bd3 Nxg3 11. hxg3 Nb6 12. Qc2 Be6 13. O-O-O Qe7 14. Kb1 O-O-O 15. Rc1 Kb8 16. Na4 Nxa4 17. Qxa4 Qb4 18. Qd1 g4 19. Ne5 c5 20. dxc5 Bxc5 21. Bc2 d4 22. e4 d3 23. Nxd3 Qa5 24. Bb3 Bxf2 25. Bxe6 fxe6 26. Qb3 Bxg3 27. Nc5 Qb6 28. Qxg3+ Ka8 29. Qb3 1-0


[Site "https://www.chess.com"]

[Event "Titled Tuesday Blitz June 07 Early 2022"]
[White "Le, Tuan Minh"]
[Black "Daneshvar, Bardiya"]
[WhiteFideId "12401153"]
[BlackFideId "12576468"]
[WhiteElo "2530"]
[BlackElo "2303"]
[Result "0-1"]
[Round "07"]
[TimeControl "180+1"]
[Date "2022.06.07"]
[WhiteClock "0:00:03"]
[BlackClock "0:00:04"]

1. d4 Nf6 2. Nf3 e6 3. Bf4 c5 4. c3 Nc6 5. e3 Be7 6. Nbd2 Nh5 7. Bg3 d5 8. Bd3 O-O 9. Ne5 g6 10. Ndf3 f6 11. Nxc6 bxc6 12. O-O Nxg3 13. hxg3 Rb8 14. Rb1 cxd4 15. cxd4 c5 16. dxc5 Bxc5 17. Qc2 Qe7 18. Rbc1 Bb6 19. Qa4 Bd7 20. Qh4 Kg7 21. Rfd1 e5 22. e4 d4 23. Nd2 h5 24. Nc4 Bd8 25. b3 Bg4 26. f3 Be6 27. Kf2 g5 28. Qh1 Bf7 29. Qe1 Bc7 30. Rc2 Rfc8 31. Rdc1 Bd8 32. Qd2 Rc7 33. Na5 Rxc2 34. Rxc2 Qd7 35. Nc6 Rc8 36. Qc1 Bb6 37. Nb4 Rc3 38. Ke2 Qd6 39. Rxc3 dxc3 40. Qxc3 Bd4 41. Qe1 Qc5 42. Nc2 Bc3 43. Qf2 Qa5 44. f4 exf4 45. gxf4 Qxa2 46. fxg5 fxg5 47. Qf5 Qa5 48. Qxa5 Bxa5 49. b4 Bb6 50. e5 Bc7 51. Nd4 Bxe5 52. Nc6 Bd6 53. b5 Bc5 54. Ne5 Bd5 55. Kf1 Bd4 56. Nc6 Bb6 57. Ne7 Bf7 58. Nf5+ Kf6 59. Nd6 Be6 60. Be2 g4 61. Ne4+ Ke5 62. Nd2 Kd4 63. Ke1 Ba5 64. Kd1 Bxd2 65. Kxd2 h4 66. Bf1 g3 67. Be2 Bd5 68. Bf1 Bc4 69. b6 axb6 0-1


[Site "https://www.chess.com"]

[Event "Titled Tuesday Blitz June 07 Early 2022"]
[White "Lianes Garcia, Marcos"]
[Black "Bortnyk, Mykola"]
[WhiteFideId "32060777"]
[BlackFideId "14120836"]
[WhiteElo "2310"]
[BlackElo "2582"]
[Result "0-1"]
[Round "07"]
[TimeControl "180+1"]
[Date "2022.06.07"]
[WhiteClock "0:00:06"]
[BlackClock "0:00:18"]

1. e4 Nf6 2. Nc3 d5 3. exd5 Nxd5 4. Nxd5 Qxd5 5. Qf3 e6 6. Qxd5 exd5 7. d4 Bf5 8. c3 Nd7 9. Bf4 O-O-O 10. O-O-O Re8 11. Bd3 Bg6 12. Nf3 f6 13. Rhe1 Be7 14. Bxg6 hxg6 15. h4 Bd8 16. g3 c6 17. Rxe8 Rxe8 18. Re1 Rxe1+ 19. Nxe1 Nf8 20. Kd2 Ne6 21. Nd3 b6 22. Ke2 Kd7 23. Be3 Bc7 24. Kf3 a5 25. Bf4 c5 26. Bxc7 Kxc7 27. Ke3 a4 28. b3 axb3 29. axb3 Kc6 30. dxc5 bxc5 31. Nf4 d4+ 32. Kd3 Nxf4+ 33. gxf4 dxc3 34. Kxc3 Kb5 35. f3 Kb6 36. Kd3 Kc7 37. Kc3 Kd6 38. Kd3 Kc6 39. Kc4 Kb6 40. b4 cxb4 41. Kxb4 Kc6 42. Kc4 Kd6 43. Kd4 Ke7 44. Kd5 Kf7 45. Kd4 Ke8 46. Kc5 Ke7 47. Kd5 Kd7 48. Kc4 Kc6 49. Kd4 Kd6 50. Ke4 Ke6 51. f5+ gxf5+ 52. Kf4 g6 53. Ke3 Ke5 54. f4+ Kd5 55. Kd3 Ke6 56. Ke3 Kd7 57. Kd2 Kc7 58. Kc2 Kc6 59. Kc3 Kc5 60. Kd3 Kd5 61. Ke3 Kc4 62. Kf3 Kd4 0-1


[Site "https://www.chess.com"]

[Event "Titled Tuesday Blitz June 07 Early 2022"]
[White "Livaic, Leon"]
[Black "Barp, Alberto"]
[WhiteFideId "14531534"]
[BlackFideId "872555"]
[WhiteElo "2540"]
[BlackElo "2229"]
[Result "1-0"]
[Round "07"]
[TimeControl "180+1"]
[Date "2022.06.07"]
[WhiteClock "0:00:24"]
[BlackClock "0:00:17"]

1. d4 Nf6 2. c4 e6 3. Nf3 Bb4+ 4. Nbd2 b6 5. a3 Bxd2+ 6. Qxd2 Bb7 7. e3 O-O 8. Be2 d6 9. b4 Nbd7 10. Bb2 a5 11. O-O Qe7 12. Qc2 Be4 13. Qc3 axb4 14. axb4 Rxa1 15. Rxa1 Ra8 16. Nd2 Rxa1+ 17. Bxa1 Bb7 18. f3 h6 19. e4 e5 20. Nf1 Nh5 21. g3 Qg5 22. Qd2 Nf4 23. Bd1 Ne6 24. d5 Qxd2 25. Nxd2 Nd8 26. Ba4 Nb8 27. c5 bxc5 28. bxc5 Ba6 29. Kf2 Nb7 30. c6 Nc5 31. Bc2 Bd3 32. Bxd3 Nxd3+ 33. Ke3 Nb4 34. Bc3 N4a6 35. Ba5 Kf8 36. Nc4 Ke7 37. Na3 Kd8 38. Nb5 Kc8 39. Bxc7 Nxc7 40. Nxd6+ Kd8 41. Nxf7+ Ke8 42. Nxe5 Nb5 43. Nc4 Ke7 44. e5 Na6 45. d6+ Ke6 46. f4 Kd5 47. d7 1-0


[Site "https://www.chess.com"]

[Event "Titled Tuesday Blitz June 07 Early 2022"]
[White "Maghsoodloo, Parham"]
[Black "Nakamura, Hikaru"]
[WhiteFideId "12539929"]
[BlackFideId "2016192"]
[WhiteElo "2607"]
[BlackElo "2850"]
[Result "1/2-1/2"]
[Round "07"]
[TimeControl "180+1"]
[Date "2022.06.07"]
[WhiteClock "0:00:18"]
[BlackClock "0:00:25"]

1. d4 Nf6 2. c4 e6 3. Nc3 Bb4 4. e3 O-O 5. Bd2 c5 6. Nge2 d5 7. cxd5 cxd4 8. Nxd4 exd5 9. Bd3 Nc6 10. Nce2 Bd6 11. O-O Ne5 12. Bf5 Ne4 13. b3 g6 14. Bxc8 Rxc8 15. Be1 Ng4 16. Nf3 Qf6 17. h3 Ne5 18. Ned4 a6 19. Qe2 Nxf3+ 20. Qxf3 Qe5 21. g3 h5 22. h4 Nf6 23. Rd1 Rfe8 24. Kg2 Ng4 25. Ne2 Nf6 26. Nf4 Bf8 27. Nxd5 Ng4 28. e4 Bg7 29. Rd2 Rc1 30. Re2 f5 31. Qf4 Rd1 32. Qxe5 Rxe5 33. f3 fxe4 34. fxg4 Rdxd5 35. gxh5 gxh5 36. Rf4 e3 37. Bc3 Re6 38. Bxg7 Kxg7 39. Kf3 Rde5 40. Kg2 Re7 41. Kf3 Kg6 42. b4 R7e6 43. a4 b6 44. Rd4 Rf6+ 45. Rf4 Rfe6 46. Rd4 Rf6+ 47. Rf4 Rfe6 1/2-1/2


[Site "https://www.chess.com"]

[Event "Titled Tuesday Blitz June 07 Early 2022"]
[White "Makarian, Rudik"]
[Black "Al-Tarboush, Ward"]
[WhiteFideId "44105681"]
[BlackFideId "7601450"]
[WhiteElo "2398"]
[BlackElo "2249"]
[Result "1/2-1/2"]
[Round "07"]
[TimeControl "180+1"]
[Date "2022.06.07"]
[WhiteClock "0:00:07"]
[BlackClock "0:00:11"]

1. d3 d5 2. f4 Nc6 3. Nf3 Nf6 4. g3 Bf5 5. Bg2 e6 6. O-O Bd6 7. c3 h5 8. Nbd2 Bh7 9. d4 Qe7 10. Ne5 Bxe5 11. fxe5 Ne4 12. Nxe4 dxe4 13. Qc2 h4 14. Bxe4 Bxe4 15. Qxe4 hxg3 16. hxg3 O-O-O 17. Kg2 f5 18. exf6 gxf6 19. Bf4 f5 20. Qf3 Kb8 21. Rh1 Rhg8 22. Rad1 Rde8 23. Qe3 Qg7 24. Be5 Nxe5 25. Qxe5 Qxe5 26. dxe5 f4 27. Rh3 Rg5 28. Kf3 fxg3 29. Rxg3 Rf8+ 30. Kg2 Rxe5 31. Rd2 a5 32. Rf3 Rg8+ 33. Kf2 Rh8 34. Rg3 a4 35. a3 Rf5+ 36. Rf3 Rh2+ 37. Ke3 Re5+ 38. Kd3 b6 39. Rf4 Rd5+ 40. Rd4 c5 41. Rxd5 exd5 42. Kc2 Rh5 43. Rd3 Kb7 44. Rg3 Kc6 45. Rg6+ Kb5 46. Re6 Rh2 47. Kd3 Rh3+ 48. Kd2 d4 49. cxd4 cxd4 50. Kc2 Kc5 51. Re8 Rb3 52. Rc8+ Kd5 53. Rd8+ Ke4 54. Re8+ Kf4 55. Re6 b5 56. Rd6 Ke3 57. Re6+ Kf2 58. Re4 Ke1 59. Rxd4 Kxe2 60. Re4+ Kf3 61. Re5 Kf4 62. Re8 Kf5 63. Re1 Kf4 64. Re8 Kf5 65. Kc1 Kf4 66. Re7 Re3 67. Rb7 Re5 68. Kd2 Rc5 69. Kd3 Ke5 70. Re7+ Kd6 71. Rh7 Rg5 72. Rh6+ Kc5 73. Kc3 Rg3+ 74. Kc2 Rg2+ 75. Kb1 Kc4 76. Rh4+ Kd3 77. Ka2 Kc2 78. Rb4 Rg5 79. Ka1 Rg1+ 80. Ka2 Rg5 81. Rd4 Rc5 82. Rb4 Kc1 83. Rd4 Re5 84. Rb4 Rf5 85. Rd4 Re5 86. Rd8 Re2 87. Rc8+ Rc2 88. Rxc2+ Kxc2 89. Ka1 Kc1 90. Ka2 Kc2 91. Ka1 Kb3 92. Kb1 b4 93. axb4 Kxb4 94. Ka2 Kb5 95. Ka3 Ka5 96. b3 axb3 97. Kxb3 1/2-1/2


[Site "https://www.chess.com"]

[Event "Titled Tuesday Blitz June 07 Early 2022"]
[White "Martinez Alcantara, Jose Eduardo"]
[Black "Grischuk, Alexander"]
[WhiteFideId "3805662"]
[BlackFideId "4126025"]
[WhiteElo "2703"]
[BlackElo "2762"]
[Result "0-1"]
[Round "07"]
[TimeControl "180+1"]
[Date "2022.06.07"]
[WhiteClock "0:00:54"]
[BlackClock "0:00:03"]

1. e4 e6 2. d4 d5 3. Nc3 Nf6 4. Bg5 dxe4 5. Nxe4 Be7 6. Nxf6+ Bxf6 7. Bxf6 Qxf6 8. Nf3 c5 9. Bb5+ Nd7 10. c3 cxd4 11. Qxd4 Qxd4 12. Nxd4 Ke7 13. O-O-O Nf6 14. Rhe1 g6 15. f4 Bd7 16. Bxd7 Nxd7 17. f5 e5 18. g4 f6 19. g5 fxg5 20. fxg6 hxg6 21. Nf3 g4 22. Nxe5 Nxe5 23. Rxe5+ Kf6 24. Re2 Rae8 25. Rg2 Rh4 26. Kc2 a6 27. a4 Re3 28. Kb3 Reh3 29. Rdd2 Kf5 30. Kb4 g3+ 31. Kc5 Rxh2 32. Rd5+ Kf4 33. Rg1 g2 34. Rd3 Rg4 35. Kb6 Rh1 36. Rd4+ Kf3 37. Rxg4 Rxg1 38. Rxg6 Rb1 39. Kxb7 g1=Q 40. Rxg1 Rxg1 41. b4 Ke4 42. b5 axb5 43. axb5 Kd5 44. Kb6 Kd6 45. c4 Rc1 46. Ka7 Rxc4 47. b6 Kc6 48. b7 Ra4+ 49. Kb8 Kb6 50. Kc8 Rc4+ 51. Kb8 Rh4 52. Ka8 Ra4+ 53. Kb8 Ra7 54. Kc8 Rxb7 0-1


[Site "https://www.chess.com"]

[Event "Titled Tuesday Blitz June 07 Early 2022"]
[White "Matinian, Nikita"]
[Black "Florescu, Codrut-Constantin"]
[WhiteFideId "24129100"]
[BlackFideId "1202200"]
[WhiteElo "2422"]
[BlackElo "2191"]
[Result "1-0"]
[Round "07"]
[TimeControl "180+1"]
[Date "2022.06.07"]
[WhiteClock "0:01:31"]
[BlackClock "0:00:38"]

1. e4 c5 2. Nf3 e6 3. d4 cxd4 4. Nxd4 a6 5. Nc3 Qc7 6. Bd3 Nf6 7. O-O Bc5 8. Nb3 Ba7 9. Kh1 d6 10. Bg5 Nbd7 11. f4 h5 12. Qe2 b5 13. Rad1 Bb7 14. Bxb5 axb5 15. Nxb5 Qb8 16. Nxd6+ Kf8 17. e5 Nd5 18. f5 Kg8 19. fxe6 fxe6 20. Rf7 Qxd6 21. exd6 Kxf7 22. c4 N5f6 23. Na5 Be4 24. b4 h4 25. Rf1 Bf5 26. Nc6 h3 27. Rxf5 hxg2+ 28. Kxg2 exf5 29. Qe7+ Kg6 30. Bxf6 Nxf6 31. Ne5+ Kg5 32. Nf7+ Kg6 33. Nxh8+ Rxh8 34. Qxa7 1-0


[Site "https://www.chess.com"]

[Event "Titled Tuesday Blitz June 07 Early 2022"]
[White "Matlakov, Maxim"]
[Black "Bharath Subramaniyam H"]
[WhiteFideId "4168003"]
[BlackFideId "46634827"]
[WhiteElo "2669"]
[BlackElo "2242"]
[Result "1-0"]
[Round "07"]
[TimeControl "180+1"]
[Date "2022.06.07"]
[WhiteClock "0:00:27"]
[BlackClock "0:00:15"]

1. d4 Nf6 2. Nf3 e6 3. c4 d5 4. g3 c6 5. Qc2 Nbd7 6. Nbd2 b6 7. Bg2 Bb7 8. O-O Be7 9. e4 dxe4 10. Nxe4 Nxe4 11. Qxe4 O-O 12. Rd1 Nf6 13. Qe2 Rc8 14. Bf4 Nd7 15. Rac1 Qe8 16. Nd2 Nf6 17. Ne4 Nxe4 18. Bxe4 Qd7 19. c5 Rfd8 20. b4 Qe8 21. h4 b5 22. h5 h6 23. Rd2 a5 24. a3 axb4 25. axb4 Ra8 26. Be5 Bf8 27. Bc2 Ra3 28. Re1 Rda8 29. Qe4 f5 30. Qe2 Bc8 31. Rb1 Qf7 32. Bb3 Be7 33. Rd3 Bg5 34. Qf3 Bd7 35. Bxe6 Bxe6 36. Rxa3 Rxa3 37. Qxa3 Qxh5 38. Qa8+ Kh7 39. Qxc6 Bc4 40. Qd7 Qg6 41. c6 f4 42. Re1 fxg3 43. Bxg3 Bd2 44. Re7 Bxb4 45. c7 Bxe7 46. c8=Q Qe4 47. Qf5+ Qxf5 48. Qxf5+ Kg8 49. d5 Bf6 50. d6 Kf7 51. Qc8 Be6 52. d7 1-0


[Site "https://www.chess.com"]

[Event "Titled Tuesday Blitz June 07 Early 2022"]
[White "Papasimakopoulos, Alexandros"]
[Black "Svane, Frederik"]
[WhiteFideId "4244125"]
[BlackFideId "12923044"]
[WhiteElo "2340"]
[BlackElo "2459"]
[Result "0-1"]
[Round "07"]
[TimeControl "180+1"]
[Date "2022.06.07"]
[WhiteClock "0:01:39"]
[BlackClock "0:01:24"]

1. d4 d6 2. Nf3 Nf6 3. c4 g6 4. Nc3 Bf5 5. Nh4 Bd7 6. e4 Bg7 7. Nf3 O-O 8. Be2 e5 9. O-O Nc6 10. d5 Ne7 11. Ne1 Ne8 12. f3 f5 13. Be3 f4 14. Bf2 g5 15. h3 Nf6 16. b4 h5 17. Nd3 Ng6 18. c5 Rf7 19. b5 b6 20. cxd6 cxd6 21. Nb4 Bf8 22. Nc6 Qe8 23. a4 g4 24. fxg4 hxg4 25. Bxg4 Nxg4 26. hxg4 Qc8 27. a5 Bxg4 28. Qd3 f3 29. axb6 fxg2 30. Rfe1 Bf3 31. Bg3 Qh3 32. Bh2 Rh7 33. Kf2 Qxh2 34. Rg1 Rf7 35. Qxf3 Rxf3+ 36. Kxf3 axb6 37. Rxg2 Qh5+ 38. Ke3 Rxa1 0-1


[Site "https://www.chess.com"]

[Event "Titled Tuesday Blitz June 07 Early 2022"]
[White "Paravyan, David"]
[Black "Bortnyk, Olexandr"]
[WhiteFideId "4194985"]
[BlackFideId "14120828"]
[WhiteElo "2569"]
[BlackElo "2723"]
[Result "0-1"]
[Round "07"]
[TimeControl "180+1"]
[Date "2022.06.07"]
[WhiteClock "0:00:04"]
[BlackClock "0:00:10"]

1. e4 Nf6 2. e5 Nd5 3. d4 d6 4. Nf3 dxe5 5. c4 e4 6. cxd5 exf3 7. Qxf3 g6 8. Nc3 Bg7 9. Bf4 c6 10. Be5 O-O 11. Bxg7 Kxg7 12. Bc4 Qb6 13. O-O-O cxd5 14. Qxd5 Nc6 15. Qc5 Bf5 16. Rhe1 Rfc8 17. Qxb6 axb6 18. Bb3 b5 19. Nxb5 Nxd4+ 20. Nc3 Nxb3+ 21. axb3 Ra2 22. Rd4 Rc7 23. Ra4 Rxa4 24. bxa4 h5 25. Re5 h4 26. Kd2 f6 27. Rb5 Rd7+ 28. Ke3 Be6 29. Rb4 g5 30. g3 h3 31. Rd4 Rc7 32. g4 Bc4 33. f3 e5 34. Rd6 Bb3 35. Re6 Bxe6 0-1


[Site "https://www.chess.com"]

[Event "Titled Tuesday Blitz June 07 Early 2022"]
[White "Riehle, Marco"]
[Black "Saveliev, Alexei"]
[WhiteFideId "12904392"]
[BlackFideId "24128546"]
[WhiteElo "2462"]
[BlackElo "2281"]
[Result "1-0"]
[Round "07"]
[TimeControl "180+1"]
[Date "2022.06.07"]
[WhiteClock "0:01:41"]
[BlackClock "0:01:02"]

1. e4 g6 2. d4 Bg7 3. c4 d6 4. Nc3 Nc6 5. Be3 e5 6. d5 Nce7 7. g4 f5 8. gxf5 gxf5 9. Qh5+ Kf8 10. exf5 Nf6 11. Qe2 Bxf5 12. O-O-O Qd7 13. h4 a6 14. Bh3 h6 15. f4 Ng6 16. fxe5 Nxe5 17. Rf1 Bg4 18. Bxg4 Qxg4 19. Nf3 Nxf3 20. Rxf3 Re8 21. Rxf6+ Bxf6 1-0


[Site "https://www.chess.com"]

[Event "Titled Tuesday Blitz June 07 Early 2022"]
[White "Rodrigue-Lemieux, Shawn"]
[Black "Sapunov, Evgeny"]
[WhiteFideId "2620049"]
[BlackFideId "4126661"]
[WhiteElo "1763"]
[BlackElo "2470"]
[Result "0-1"]
[Round "07"]
[TimeControl "180+1"]
[Date "2022.06.07"]
[WhiteClock "0:02:32"]
[BlackClock "0:02:43"]

1. c4 Nf6 2. g3 g6 3. Bg2 Bg7 4. Nc3 O-O 5. e4 d6 6. Nge2 e5 7. O-O c6 8. d3 Nbd7 9. h3 a6 10. Be3 b5 11. Qd2 Bb7 12. Bh6 d5 13. Bxg7 Kxg7 14. exd5 cxd5 15. cxb5 axb5 16. Nxb5 Qb6 17. Nbc3 d4 18. Ne4 Nxe4 19. dxe4 Nc5 20. f3 d3 21. Kh2 dxe2 22. Rfc1 Ba6 0-1


[Site "https://www.chess.com"]

[Event "Titled Tuesday Blitz June 07 Early 2022"]
[White "Rustemov, Alexander"]
[Black "Bluebaum, Matthias"]
[WhiteFideId "4119002"]
[BlackFideId "24651516"]
[WhiteElo "2788"]
[BlackElo "2556"]
[Result "0-1"]
[Round "07"]
[TimeControl "180+1"]
[Date "2022.06.07"]
[WhiteClock "0:00:13"]
[BlackClock "0:00:19"]

1. d4 Nf6 2. c4 e6 3. Nf3 d5 4. Nc3 Bb4 5. Bg5 h6 6. Bxf6 Qxf6 7. e3 O-O 8. Qb3 c5 9. cxd5 exd5 10. dxc5 Bxc3+ 11. Qxc3 Qxc3+ 12. bxc3 Be6 13. Nd4 Rc8 14. Rb1 Nd7 15. c6 bxc6 16. Kd2 Ne5 17. Be2 Bd7 18. f4 Ng4 19. Rb7 Nf6 20. Bd3 c5 21. Nf3 Bc6 22. Rb2 Ne4+ 23. Bxe4 dxe4 24. Ne5 Bd5 25. Rhb1 f6 26. Ng4 Rd8 27. Ke1 a5 28. Nf2 a4 29. a3 f5 30. Rd1 Bb3 31. Rxd8+ Rxd8 32. Rd2 Rb8 33. Rb2 Kf7 34. g3 Ke6 35. Kd2 Kd5 36. h3 Kc4 37. Kc1 Kxc3 38. Rd2 Rb7 39. g4 g6 40. Rd6 Bc2 41. Nd1+ Bxd1 42. Kxd1 Rb1+ 43. Ke2 Rb2+ 44. Ke1 fxg4 45. hxg4 h5 46. Rxg6 hxg4 47. Rxg4 Kd3 48. Rg5 c4 49. Rc5 Kxe3 50. Kd1 Kd4 51. Rc8 Rf2 52. Ra8 Rxf4 53. Rxa4 Kd3 54. Ke1 Rh4 55. Ra8 Rh1+ 56. Kf2 e3+ 57. Kf3 Rf1+ 58. Kg2 e2 0-1


[Site "https://www.chess.com"]

[Event "Titled Tuesday Blitz June 07 Early 2022"]
[White "Sadhwani, Raunak"]
[Black "Wagner, Dennis"]
[WhiteFideId "35093487"]
[BlackFideId "24650684"]
[WhiteElo "2616"]
[BlackElo "2355"]
[Result "1-0"]
[Round "07"]
[TimeControl "180+1"]
[Date "2022.06.07"]
[WhiteClock "0:00:16"]
[BlackClock "0:00:04"]

1. e4 e5 2. Nf3 Nc6 3. Bb5 a6 4. Ba4 Nf6 5. d3 Bc5 6. c3 d6 7. Bg5 h6 8. Bh4 Ba7 9. Nbd2 Bd7 10. Bc2 Qe7 11. a4 g5 12. Bg3 Rg8 13. b4 h5 14. h4 g4 15. Ng5 Rg7 16. Bb3 Ng8 17. Qb1 Nh6 18. Qa2 Nd8 19. f4 f6 20. Rf1 Be3 21. f5 Bf4 22. Bxf4 exf4 23. Ne6 Bxe6 24. fxe6 f3 25. gxf3 g3 26. O-O-O Nc6 27. Bd5 Ne5 28. d4 Nd3+ 29. Kc2 Nf4 30. Bxb7 Rb8 31. Bc6+ Kf8 32. d5 f5 33. e5 g2 34. Rg1 Qxh4 35. exd6 cxd6 36. Qc4 Ke7 37. Qxa6 Kf6 38. Qc4 Qg3 39. Qd4+ Ke7 40. Qa7+ Kf6 41. Qxb8 Nh3 42. Qf8+ Ke5 43. e7 Nxg1 44. e8=Q+ Kf4 45. Qe4+ Kg5 46. Qxg7# 1-0


[Site "https://www.chess.com"]